 Dungeon Crawl Stone Soup version 0.22-a0-417-g1387785 (webtiles) character file.

1937 Kairos the Cleaver (level 8, -2/61 HPs)
             Began as a Demonspawn Gladiator on May 14, 2018.
             Was a Priest of Okawaru.
             Slain by a worker ant (5 damage)
             ... on level 7 of the Dungeon.
             The game lasted 00:10:31 (8315 turns).

Kairos the Cleaver (Demonspawn Gladiator)           Turns: 8315, Time: 00:10:32

Health: -2/61      AC: 19    Str: 16    XL:     8   Next: 97%
Magic:  6/8        EV: 11    Int: 10    God:    Okawaru [***...]
Gold:   291        SH:  0    Dex: 15    Spells: 7/7 levels left

rFire    + . .     SeeInvis .   a - +0 war axe
rCold    . . .     Gourm    .   (no shield)
rNeg     . . .     Faith    .   m - +0 chain mail
rPois    .         Spirit   .   (helmet restricted)
rElec    .         Reflect  .   (no cloak)
rCorr    .         Harm     .   i - +1 pair of gloves
MR       .....                  (no boots)
Stlth    ..........             (no amulet)
HPRegen  0.20/turn              (no ring)
MPRegen  0.11/turn              (no ring)

@: lethally poisoned (-2 -> -3), heroism, sanguine armour, drained
A: horns 1, fire resistance 1, sanguine armour 1
a: Heroism, Renounce Religion


You were on level 7 of the Dungeon.
You worshipped Okawaru.
Okawaru was most pleased with you.
You were hungry.

You visited 1 branch of the dungeon, and saw 7 of its levels.

You collected 291 gold pieces.

Inventory:

Hand Weapons
 a - a +0 war axe (weapon)
 y - a +1 mace of protection
Missiles
 d - 3 throwing nets (quivered)
Armour
 b - a +0 leather armour
 i - a +1 pair of gloves (worn)
 m - a +0 chain mail (worn)
Wands
 x - a wand of acid (8)
Scrolls
 j - 4 scrolls of identify {unknown}
 o - 3 scrolls of remove curse {unknown}
 p - 2 scrolls of noise {unknown}
 q - 3 scrolls of magic mapping {unknown}
 r - 2 scrolls of amnesia {unknown}
 t - 2 scrolls of teleportation {unknown}
 w - 4 scrolls of enchant armour {unknown}
 z - a scroll of immolation {unknown}
Potions
 c - a potion of berserk rage {unknown}
 e - a potion of haste {unknown}
 g - a potion of flight {unknown}
 h - 4 potions of curing
 k - 4 potions of brilliance {unknown}
 l - 3 potions of degeneration {unknown}
 n - a potion of invisibility {unknown}
 s - a potion of lignification {unknown}
 u - a potion of magic {unknown}
 v - 2 potions of heal wounds {unknown}
Comestibles
 f - 14 rations


   Skills:
 + Level 4.9(8.6) Fighting
 + Level 8.6(12.1) Axes
 + Level 1.8(5.6) Throwing
 + Level 4.3(8.0) Armour
 + Level 3.9(7.6) Dodging
 + Level 0.7(4.5) Stealth
 + Level 0.2(0.0) Invocations


You had 7 spell levels left.
You didn't know any spells.
Your spell library was empty.

Dungeon Overview and Level Annotations

Branches:
Dungeon (7/15)             Temple (0/1) D:6

Altars:
Dithmenos
Fedhas
Gozag
Hepliaklqana
Kikubaaqudgha
Okawaru
Ru
Xom
The Shining One

Shops:
D:4 *   D:6 *


Innate Abilities, Weirdness & Mutations

You have a pair of small horns on your head.
Your flesh is heat resistant. (rF+)
When seriously injured, your bleeding wounds create armour. (AC +6)


Message History

* * * LOW HITPOINT WARNING * * *
You feel sick.
Unknown command.
The wyvern skeleton bites you!
* * * LOW HITPOINT WARNING * * *
You hit the orc but do no damage.
You kill the orc!
Okawaru accepts your kill.
You feel sick. The worker ant bites you.
* * * LOW HITPOINT WARNING * * *
Your chain mail prevents you from hitting the worker ant.
The worker ant closely misses you.
The orc wizard mumbles some strange words.
The orc wizard blinks!
You slash the worker ant!
The worker ant is heavily wounded.
The worker ant bites you but does no damage.
You gain the combat prowess of a mighty hero.
You feel sick. The worker ant bites you.
You die...

##..# ####..##
##.....####
#.....))...
###...#####.. .
###...### ### ...
###...###
.....#######...###
.....o).zza@(###
.......)oZ####
..#......##
....#...##
##.....## ####.#
#. #.


You could see a worker ant, 2 wights, an orc wizard, an orc and a wyvern
skeleton.

Vanquished Creatures
  A water moccasin (D:6)
  Duvessa (D:4)
  An orc warrior (D:6)
  A phantom (D:7)
  An ogre (D:6)
  2 centaurs
  A bullfrog (D:7)
  2 scorpions (D:6)
  Dowan (D:4)
  5 wights (D:7)
  A howler monkey (D:5)
  2 crimson imps
  A bullfrog zombie (D:4)
  A jelly (D:6)
  A centaur zombie (D:5)
  A hound (D:6)
  4 orc priests
  5 orc wizards
  5 worker ants
  A hound zombie (D:6)
  A worker ant zombie (D:4)
  Robin (D:4)
  8 adders
  A shadow imp (D:5)
  2 oozes (D:3)
  An adder skeleton (D:6)
  A worm (D:5)
  4 dart slugs
  7 leopard geckos
  25 orcs
  5 giant cockroaches
  16 goblins
  6 hobgoblins
  9 jackals
  9 kobolds
  2 quokkas
  A ball python (D:7)
  5 bats
  6 frilled lizards
  A jackal zombie (D:4)
  2 leopard gecko skeletons (D:4)
  2 quokka skeletons (D:4)
  7 rats
160 creatures vanquished.

Notes
Turn   | Place    | Note
-------+----------+-------------------------------------------
     0 | D:1      | Kairos the Demonspawn Gladiator began the quest for the Orb.
     0 | D:1      | Reached XP level 1. HP: 16/16 MP: 1/1
   124 | D:1      | Reached skill level 3 in Axes
   126 | D:1      | Gained mutation: Your flesh is heat resistant. (rF+) [demonic ancestry]
   126 | D:1      | Reached XP level 2. HP: 20/22 MP: 2/2
   734 | D:1      | Gained mutation: When seriously injured, your bleeding wounds create armour. (AC +6) [demonic ancestry]
   734 | D:1      | Reached XP level 3. HP: 27/27 MP: 3/3
   844 | D:2      | Found a glowing golden altar of the Shining One.
  1080 | D:2      | Gained mutation: You have a pair of small horns on your head. [demonic ancestry]
  1080 | D:2      | Reached XP level 4. HP: 30/33 MP: 4/4
  1472 | D:2      | Reached skill level 4 in Axes
  1866 | D:3      | Found a shimmering altar of Xom.
  1867 | D:3      | Found a hazy altar of Hepliaklqana.
  1871 | D:3      | Found an iron altar of Okawaru.
  1880 | D:3      | Found a blossoming altar of Fedhas.
  1883 | D:3      | Found a shadowy altar of Dithmenos.
  1891 | D:3      | Became a worshipper of Warmaster Okawaru
  1954 | D:3      | Reached skill level 1 in Armour
  2119 | D:3      | Found an ancient bone altar of Kikubaaqudgha.
  2423 | D:4      | Found Gozag's Platinum Reserve.
  2423 | D:4      | Found an opulent altar of Gozag.
  2432 | D:3      | Reached XP level 5. HP: 38/39 MP: 5/5
  2435 | D:4      | Noticed Robin
  2498 | D:4      | Noticed Dowan
  2500 | D:4      | Noticed Duvessa
  2956 | D:3      | Reached XP level 6. HP: 22/47 MP: 6/6
  3626 | D:3      | Reached skill level 5 in Axes
  3798 | D:4      | Killed Robin
  3971 | D:4      | Killed Dowan
  3971 | D:4      | Reached * piety under Okawaru
  4161 | D:4      | Killed Duvessa
  4161 | D:4      | Reached XP level 7. HP: 34/52 MP: 5/7
  4954 | D:5      | Entered Level 5 of the Dungeon
  5017 | D:5      | Reached skill level 6 in Axes
  5178 | D:5      | Reached ** piety under Okawaru
  5491 | D:6      | Found Kaparir's Serpentskin Sales.
  6049 | D:6      | Reached XP level 8. HP: 7/60 MP: 5/8
  6458 | D:6      | Found a staircase to the Ecumenical Temple.
  6487 | D:6      | Reached skill level 7 in Axes
  7121 | D:6      | Found a sacrificial altar of Ru.
  7760 | D:7      | Reached skill level 8 in Axes
  8034 | D:7      | Reached *** piety under Okawaru
  8312 | D:7      | HP: 3/61 [worker ant (3)]
  8315 | D:7      | Slain by a worker ant

Vault maps used:
D:1:      saegor_arrival_simple_b
D:2:      tso_metal_star, eino_tiny_chamber
D:3:      kiku_gazebo_garden_becter, grunt_temple_overflow_open
D:4:      serial_undead, serial_undead_b, serial_undead_e, serial_undead_e,
          serial_undead_b, nicolae_gozag_zags_fifth_avenue, uniq_duvessa,
          uniq_robin
D:5:      first_ration
D:6:      nicolae_ru_the_path_less_chosen, minmay_temple_entry_trees,
          guppyfry_shop_venom
D:7:      minmay_misc_feat_enclosed, uniq_joseph

Skill      XL: |  1  2  3  4  5  6  7  8 |
---------------+-------------------------+-----
Axes           | 3 4 5 6 8 |  8.6
Dodging        | 3 |  3.9
Armour         | 1 2 3 4 |  4.3
Fighting       | 3 4 |  4.9
Throwing       | |  1.8
Stealth        | |  0.7
Invocations    | |  0.2

Action                   |  1- 3 |  4- 6 |  7- 9 || total
-------------------------+-------+-------+-------++-------
Melee: War axe           |    94 |   177 |   291 ||   562
       Headbutt          |       |    34 |    55 ||    89
Invok: Heroism           |       |     1 |     2 ||     3
  Use: Potion            |       |     1 |       ||     1
  Eat: Chunk             |       |     6 |     7 ||    13
       Ration            |       |     1 |     2 ||     3
Armor: Leather armour    |    15 |       |       ||    15
       Chain mail        |    31 |   145 |   209 ||   385
Dodge: Dodged            |    54 |    87 |   128 ||   269

Table legend:
 A = Spawn XP
 B = Non-spawn XP
 C = Spawn XP percentage of total XP
 D = Spawn monster count
 E = Non-spawn monster count
 F = Spawn count percentage of total count
 G = Total turns spent on level
                    A         B        C        D         E        F      G
               +---------+---------+-------+---------+---------+-------+---------
         Total |       0 |    2768 |   0.0 |       0 |     160 |   0.0 |  8315
               +---------+---------+-------+---------+---------+-------+---------
           D:1 |       0 |      43 |   0.0 |       0 |      22 |   0.0 |   794
           D:2 |       0 |     103 |   0.0 |       0 |      19 |   0.0 |  1011
           D:3 |       0 |     191 |   0.0 |       0 |      31 |   0.0 |  1873
           D:4 |       0 |     440 |   0.0 |       0 |      26 |   0.0 |  1276
           D:5 |       0 |     371 |   0.0 |       0 |      17 |   0.0 |   502
           D:6 |       0 |    1045 |   0.0 |       0 |      31 |   0.0 |  2293
           D:7 |       0 |     575 |   0.0 |       0 |      14 |   0.0 |   566
               +---------+---------+-------+---------+---------+-------+---------
